Map: At Eternity's Edge LE

Players

ShoWTimE - Winner!

  • Race: Protoss Protoss
  • Spawn Location: 11:00

lorimbo

  • Race: Zerg Zerg
  • League: Grandmaster
  • Spawn Location: 5:00

Event: HomeStory Cup XXIX

VOD

Have the link to the VOD?

Description

Time

  • Played on: July 3, 2026, 12:59 p.m.
  • Length: 5:31

All games in this series

Show
View Real Time Build Order
Export as new Build Order

ShoWTimE Protoss - Winner!

Build Orders:  

Get SALT Encoding   

  8  0:00  Probe (Chrono Boost)  
  9  0:12  Probe (Chrono Boost)  
  10  0:18  Probe (Chrono Boost)  
  11  0:26  Probe  
  12  0:32  Pylon  
  12  0:38  Probe  
  13  0:50  Probe  
  13  0:55  Gateway  
  14  1:03  Probe  
  15  1:05  Assimilator  
  15  1:15  Probe  
  16  1:27  Probe  
  17  1:39  Probe  
  18  1:42  Zealot (Chrono Boost)  
  18  1:44  Cybernetics Core  
  20  1:51  Probe, Pylon  
  21  2:08  Zealot (Chrono Boost)  
  21  2:09  Pylon  
  21  2:12  Probe  
  24  2:17  Gateway  
  24  2:26  Probe  
  27  2:38  Probe  
  27  2:42  Stalker  
  28  2:44  Shield Battery  
  28  2:51  Probe  
  29  2:55  Shield Battery  
  29  3:04  Assimilator  
  31  3:18  Stalker (Chrono Boost)  
  31  3:19  Shield Battery  
  31  3:24  Stalker (Chrono Boost)  
  33  3:30  Shield Battery  
  33  3:44  Stalker  
  33  3:49  Probe  
  33  3:52  Zealot  
  36  3:59  Pylon  
  36  4:14  Probe  
  39  4:17  Zealot  
  39  4:19  Zealot  
  39  4:44  Stalker  
Show
View Real Time Build Order
Export as new Build Order

lorimbo Zerg 

Build Orders: Pool First 

Get SALT Encoding   

  8  0:00  Drone  
  9  0:12  Drone  
  10  0:33  Spawning Pool  
  9  0:38  Drone  
  10  0:46  Drone  
  10  0:49  Drone  
  12  1:00  Overlord  
  12  1:21  Zergling x6  
  15  1:38  Zergling x2  
  16  1:50  Zergling x2  
  17  2:01  Hatchery  
  17  2:02  Zergling x4  
  18  2:12  Zergling x2  
  19  2:22  Overlord  
  19  2:32  Zergling x2  
  20  2:42  Zergling x2  
  21  2:56  Zergling x2  
  22  3:05  Zergling x2  
  23  3:13  Queen  
  23  3:14  Drone  
  23  3:18  Zergling x2  
  24  3:23  Zergling x2  
  24  3:24  Zergling x2  
  22  3:27  Spine Crawler  
  22  3:30  Zergling x2  
  20  3:35  Zergling x2  
  20  3:42  Spine Crawler  
  20  3:44  Drone  
  20  3:46  Zergling x2  
  20  3:52  Spine Crawler  
  20  3:55  Zergling x4  
  22  4:00  Spine Crawler  
  22  4:01  Zergling x2  
  22  4:09  Spine Crawler  
  21  4:13  Zergling x4  
  23  4:20  Zergling x2  
Tags
 
Add a new tag
Caveats
  • Supply blocks, unpowered buildings, or Contaminate may cause inaccurate times.
  • Supply counts are checked every 10 seconds.